[Event "ICC tourney 2545 (5 3)"]
[Site "Internet Chess Club"]
[Date "2021.04.11"]
[Round "3"]
[White "maximind"]
[Black "saisiva765"]
[Result "0-1"]
[ICCResult "White checkmated"]
[WhiteElo "1399"]
[BlackElo "1808"]
[Opening "French: Tarrasch, closed variation"]
[ECO "C05"]
[NIC "FR.16"]
[Time "14:52:14"]
[TimeControl "300+3"]

1. e4 e6 2. d4 d5 3. Nd2 Nf6 4. e5 Ne4 5. Bd3 Nxd2 6. Bxd2 c5 7. Nf3 Nc6 8.
O-O cxd4 9. Re1 Qb6 10. Bc1 h6 11. a3 Bd7 12. Qe2 Be7 13. Bd2 O-O 14. c3
dxc3 15. bxc3 Bc5 16. h3 Qc7 17. Bc2 Ne7 18. Nh2 a6 19. Ng4 Nf5 20. Nf6+
gxf6 21. Bxf5 exf5 22. Bxh6 fxe5 23. Qh5 Qd6 24. Rxe5 Qxe5 25. Qg5+ Kh8 26.
Qh5 Kg8 27. Qg5+ Kh7 28. Qh5 Rh8 29. Be3+ Kg8 30. Qg5+ Qg7 31. Qxg7+ Kxg7
32. Bxc5 Rhe8 33. Bd4+ Kg6 34. Rd1 Bb5 35. a4 Bxa4 36. Rd3 f4 37. g3 Bb5 38.
Rf3 fxg3 39. Rf6+ Kh5 40. fxg3 Re1+ 41. Kf2 Rf1+ 42. Kg2 Rxf6 43. g4+ Kg6
44. h4 Rf4 45. h5+ Kh7 46. Kg3 Rxd4 47. cxd4 a5 48. g5 a4 49. g6+ fxg6 50.
h6 a3 51. Kf4 a2 52. Ke5 a1=Q 53. Ke6 Bc4 54. Kf7 Qa6 55. Ke7 b5 56. Kd7
Ra7+ 57. Kd8 Qd6+ 58. Kc8 Qc7# {White checkmated} 0-1

[Event "ICC tourney 2545 (5 3)"]
[Site "Internet Chess Club"]
[Date "2021.04.11"]
[Round "3"]
[White "justinchess"]
[Black "FL2009"]
[Result "1-0"]
[ICCResult "Black checkmated"]
[WhiteElo "2115"]
[BlackElo "1653"]
[Opening "Bishop's opening/Petrov: Urusov gambit"]
[ECO "C24"]
[NIC "IG.04"]
[Time "14:52:51"]
[TimeControl "300+3"]

1. e4 e5 2. Bc4 Nf6 3. d4 exd4 4. Nf3 Bc5 5. e5 d5 6. exf6 dxc4 7. fxg7 Qe7+
8. Kf1 Rg8 9. Nxd4 Qf6 10. Be3 Qxg7 11. Rg1 Bd7 12. Nc3 Na6 13. Ne4 O-O-O
14. Nxc5 Nxc5 15. Qf3 Bg4 16. Qf4 Ne6 17. Nxe6 Bxe6 18. Rb1 b6 19. f3 Qg6
20. Rc1 Qg7 21. c3 Qg6 22. Kf2 Rd3 23. g4 Rgd8 24. Rge1 h5 25. h3 hxg4 26.
hxg4 Qh7 27. Rh1 Qg8 28. Rce1 R3d7 29. Bd4 Qg6 30. Qe4 Qxe4 31. Rxe4 c5 32.
Be3 Rd1 33. Rxd1 Rxd1 34. g5 Kd7 35. f4 Rb1 36. Re5 Rxb2+ 37. Kf3 Kd6 38.
Ke4 Rxa2 39. f5 Bd7 40. Rd5+ Kc7 41. Bf4+ Kc8 42. Ke5 Rf2 43. g6 f6+ 44.
Kxf6 Rxf4 45. g7 Rg4 46. Kf7 Bc6 47. Rd6 Kc7 48. Rxc6+ Kxc6 49. g8=Q Rxg8
50. Kxg8 b5 51. f6 b4 52. f7 bxc3 53. f8=Q Kb6 54. Qf3 c2 55. Qc3 Kb5 56.
Qxc2 a5 57. Kf7 Kb4 58. Ke6 c3 59. Kd5 a4 60. Ke4 c4 61. Kd4 a3 62. Qxc3+
Ka4 63. Kxc4 a2 64. Qb4# {Black checkmated} 1-0

[Event "ICC tourney 2545 (5 3)"]
[Site "Internet Chess Club"]
[Date "2021.04.11"]
[Round "3"]
[White "Arystanner23"]
[Black "Finlidor"]
[Result "1-0"]
[ICCResult "Black resigns"]
[WhiteElo "1929"]
[BlackElo "2119"]
[Opening "Ruy Lopez: classical (Cordel) defense"]
[ECO "C64"]
[NIC "RL.01"]
[Time "14:53:43"]
[TimeControl "300+3"]

1. e4 Nc6 2. Nf3 e5 3. Bb5 Bc5 4. Nc3 d6 5. d4 exd4 6. Nxd4 Bd7 7. Bxc6 bxc6
8. O-O Qh4 9. Be3 Bb6 10. a4 Nf6 11. a5 Ng4 12. Bf4 Bc5 13. Bg3 Qh5 14. h3
Nf6 15. e5 dxe5 16. Bxe5 O-O-O 17. Qxh5 Nxh5 18. Nb3 Bd6 19. Bd4 a6 20. Na4
Nf4 21. Rfe1 Rhe8 22. Be3 Nd5 23. Nbc5 Nxe3 24. Rxe3 Rxe3 25. fxe3 Re8 26.
Nxa6 Rxe3 27. N6c5 Re2 28. a6 Kb8 29. Nxd7+ Ka7 30. c3 Bg3 31. Ndc5 f5 32.
Nb3 c5 33. Naxc5 f4 34. Nd4 Rxb2 35. Nc6+ Kb6 36. a7 Kxc6 37. a8=Q+ Kxc5 38.
Qa3+ {Black resigns} 1-0

[Event "ICC tourney 2545 (5 3)"]
[Site "Internet Chess Club"]
[Date "2021.04.11"]
[Round "3"]
[White "Tecmo"]
[Black "Keka34"]
[Result "0-1"]
[ICCResult "White checkmated"]
[WhiteElo "1275"]
[BlackElo "1502"]
[Opening "Bird's opening"]
[ECO "A02"]
[NIC "VO.07"]
[Time "14:53:43"]
[TimeControl "300+3"]

1. f4 d6 2. Nf3 Nc6 3. b3 e5 4. fxe5 dxe5 5. e3 Bg4 6. Be2 Bd6 7. Bb2 e4 8.
Nd4 Qh4+ 9. Kf1 Bxe2+ 10. Qxe2 Nxd4 11. Bxd4 Nf6 12. Qf2 Qg5 13. Bxf6 gxf6
14. Nc3 f5 15. Nd5 O-O-O 16. Nf4 Bxf4 17. exf4 Qf6 18. Rd1 Rhe8 19. Qxa7 Qc6
20. c3 Rd3 21. Qa5 Rd5 22. Qa3 e3 23. Ke2 exd2+ 24. Kf2 Qb6+ 25. Kf1 Re1+
26. Rxe1 dxe1=Q+ 27. Kxe1 Qe3+ 28. Kf1 Rd1# {White checkmated} 0-1

[Event "ICC tourney 2545 (5 3)"]
[Site "Internet Chess Club"]
[Date "2021.04.11"]
[Round "3"]
[White "Kyle45"]
[Black "kaps-ak"]
[Result "1/2-1/2"]
[ICCResult "Game drawn by mutual agreement"]
[WhiteElo "1482"]
[BlackElo "1244"]
[Opening "Giuoco Piano"]
[ECO "C54"]
[NIC "IG.02"]
[Time "14:54:03"]
[TimeControl "300+3"]

1. e4 e5 2. Nf3 Nc6 3. Bc4 Bc5 4. c3 Nf6 5. d4 exd4 6. cxd4 Bb4+ 7. Bd2 Nxe4
8. Bxb4 Nxb4 9. Qb3 Qe7 10. O-O c6 11. Re1 d5 12. Nbd2 dxc4 13. Qe3 Nc2 14.
Qxe4 Nxe1 15. Rxe1 Qxe4 16. Rxe4+ Be6 17. Nxc4 O-O 18. Nd6 Bxa2 19. Nxb7
Rab8 20. Re7 Rfe8 21. Rc7 Rec8 22. Re7 Kf8 23. Rd7 Be6 24. Ne5 Bxd7 25.
Nxd7+ Ke7 26. Ndc5 Rc7 27. Na5 Rxb2 28. g3 Ra2 29. Nc4 Rc2 30. Ne5 f6 31.
Ned3 Rc8 32. Kg2 Rd8 33. Nb3 Rc3 34. Ndc5 a5 35. Nxa5 Kd6 36. Ne4+ Kc7 37.
Nxc3 Rxd4 {Game drawn by mutual agreement} 1/2-1/2

[Event "ICC tourney 2545 (5 3)"]
[Site "Internet Chess Club"]
[Date "2021.04.11"]
[Round "3"]
[White "noprisoners"]
[Black "Neukoelln"]
[Result "0-1"]
[ICCResult "White resigns"]
[WhiteElo "1276"]
[BlackElo "1636"]
[Opening "Bird's opening"]
[ECO "A02"]
[NIC "VO.07"]
[Time "14:53:43"]
[TimeControl "300+3"]

1. f4 f5 2. Nf3 g6 3. d4 Bg7 4. e3 Nh6 5. Bd3 d6 6. O-O O-O 7. c3 Nf7 8. e4
e5 9. fxe5 dxe5 10. Bc4 Kh8 11. exf5 Bxf5 12. Qe1 exd4 13. cxd4 Bxd4+ 14.
Kh1 Bg7 15. Nc3 Nc6 16. Bxf7 Rxf7 17. Ng5 Re7 18. Qh4 Bf6 19. Be3 h5 20. Bc5
Rd7 21. Be3 Ne5 22. Qg3 Ng4 23. Bf4 Bxg5 24. Be5+ Nxe5 25. Qxe5+ Bf6 26. Qc5
b6 27. Qc4 Rd4 28. Qc6 Rd6 29. Qb7 Qc8 30. Qf3 Rd3 31. Qf4 Bg7 32. Nb5 Qd7
33. Nxc7 Rc8 34. Rac1 Rd4 35. Qg3 Rg4 36. Qe3 Rxc7 37. Rxc7 Qxc7 38. Qe8+
Kh7 39. h3 Rc4 40. b3 Rc2 41. Rd1 Qg3 42. Rg1 Bxh3 43. Qe4 Be5 44. Qb7+ Kh6
{White resigns}
0-1

[Event "ICC tourney 2545 (5 3)"]
[Site "Internet Chess Club"]
[Date "2021.04.11"]
[Round "3"]
[White "Tavo"]
[Black "pokerram"]
[Result "0-1"]
[ICCResult "White resigns"]
[WhiteElo "1427"]
[BlackElo "1188"]
[Opening "Sicilian: Najdorf, Lipnitzky attack"]
[ECO "B86"]
[NIC "SI.13"]
[Time "14:52:22"]
[TimeControl "300+3"]

1. e4 c5 2. Nf3 d6 3. d4 cxd4 4. Nxd4 Nf6 5. Nc3 a6 6. Bc4 e6 7. a3 Be7 8.
O-O Qc7 9. Bb3 O-O 10. Kh1 Nc6 11. f4 Nxd4 12. Qxd4 e5 13. Qd3 b5 14. f5 Bb7
15. Bg5 Rfd8 16. Bxf6 Bxf6 17. Bd5 Bxd5 18. Nxd5 Qc4 19. Qg3 Kh8 20. Nc3 a5
21. b3 Qd4 22. Rad1 Qc5 23. Rd5 Qxa3 24. Nxb5 Qb2 25. c4 a4 26. bxa4 Rxa4
27. Nxd6 Kg8 28. Qh3 Ra1 29. Qd3 Rda8 30. h3 Rxf1+ 31. Qxf1 Ra1 32. Rd1 Rxd1
33. Qxd1 Qd4 34. Qxd4 exd4 35. Nb5 d3 {White resigns} 0-1

[Event "ICC tourney 2545 (5 3)"]
[Site "Internet Chess Club"]
[Date "2021.04.11"]
[Round "3"]
[White "Grieve72"]
[Black "minerva75"]
[Result "0-1"]
[ICCResult "White resigns"]
[WhiteElo "2210"]
[BlackElo "1724"]
[Opening "Levitsky attack (Queen's bishop attack)"]
[ECO "D00"]
[NIC "QP.08"]
[Time "14:52:42"]
[TimeControl "300+3"]

1. d4 d5 2. Bg5 c6 3. Nf3 Nd7 4. e3 Ngf6 5. Nbd2 Qb6 6. Rb1 e6 7. Bd3 c5 8.
c3 Be7 9. O-O O-O 10. Ne5 Re8 11. f4 Nf8 12. Qe2 cxd4 13. exd4 N6d7 14. Bxe7
Rxe7 15. Rf3 f6 16. Ng4 e5 17. fxe5 fxe5 18. Rg3 e4 19. Rf1 Ng6 20. Bb5 Ndf8
21. h4 a6 22. Ba4 Bxg4 23. Qxg4 Qxb2 24. Bb3 Qxd2 25. Bxd5+ Kh8 26. h5 e3
27. Rd1 e2 28. Rxd2 e1=Q+ 29. Kh2 Qxd2 30. hxg6 Nxg6 31. Rf3 Qh6+ 32. Kg1
Re1+ 33. Kf2 Qd2+ 34. Kg3 Re3 35. Be4 Rxf3+ 36. gxf3 Qe1+ 37. Kg2 Qd2+ 38.
Kf1 Nf4 39. Kg1 Qe1+ 40. Kh2 Qf2+ 41. Kh1 Ne2 42. Qg2 Qxg2+ 43. Kxg2 Rb8 44.
d5 Nxc3 45. d6 Nxe4 46. fxe4 Kg8 47. e5 Kf7 48. Kf3 Ke6 49. Ke4 b5 50. Kd4
a5 51. Kc5 b4 52. Kc6 Rc8+ 53. Kb7 Rc2 {White resigns} 0-1

[Event "ICC tourney 2545 (5 3)"]
[Site "Internet Chess Club"]
[Date "2021.04.11"]
[Round "3"]
[White "checkninja"]
[Black "Ldon22"]
[Result "1-0"]
[ICCResult "Black checkmated"]
[WhiteElo "1609"]
[BlackElo "1333"]
[Opening "Sicilian: Nimzovich-Rossolimo attack (with ...g6, without ...d6)"]
[ECO "B31"]
[NIC "SI.31"]
[Time "14:52:08"]
[TimeControl "300+3"]

1. e4 c5 2. Nf3 Nc6 3. Bb5 g6 4. Bxc6 bxc6 5. O-O Bg7 6. Re1 Nf6 7. e5 Ng8
8. Nc3 Nh6 9. d4 O-O 10. Bf4 cxd4 11. Nxd4 Qb6 12. Qd2 Nf5 13. Nxf5 gxf5 14.
Re3 Qxb2 15. Rb1 Qa3 16. Rg3 Kh8 17. Rxg7 Kxg7 18. Bh6+ Kh8 19. Bxf8 Qc5 20.
Qh6 Qxe5 21. Ne2 Ba6 22. Nf4 Qf6 23. Qxf6+ exf6 24. Be7 Kg7 25. Nh5+ Kg6 26.
Nxf6 Bc4 27. a4 Rc8 28. Nxd7 Bd5 29. Ne5+ Kg7 30. f4 Re8 31. Bc5 f6 32. Rb7+
Kh6 33. c4 Be4 34. Nf7+ Kg6 35. Nd6 Rd8 36. Nxe4 fxe4 37. Rxa7 Re8 38. Kf2
Kf5 39. g3 Kg4 40. Rg7+ Kf5 41. Rxh7 Kg6 42. Rc7 Ra8 43. Ba7 Rd8 44. a5 Rd2+
45. Ke3 Rxh2 46. Kxe4 Rh3 47. Rxc6 Rxg3 48. Bd4 Kh7 49. Rxf6 Ra3 50. a6 Ra4
51. a7 Kg8 52. Rc6 Kf8 53. Rc8+ Ke7 54. a8=Q Rxa8 55. Rxa8 Kd6 56. Be5+ Ke6
57. f5+ Kf7 58. Kd5 Ke7 59. c5 Kf7 60. c6 Ke7 61. Bd6+ Kf6 62. Rf8+ Kg7 63.
c7 Kh7 64. c8=Q Kg7 65. Qd7+ Kh6 66. Rf6+ Kg5 67. Qg7+ Kh4 68. Rh6#
{Black checkmated}
1-0

[Event "ICC tourney 2545 (5 3)"]
[Site "Internet Chess Club"]
[Date "2021.04.11"]
[Round "3"]
[White "michaelxiao"]
[Black "drm7mdbocl"]
[Result "1-0"]
[ICCResult "Black checkmated"]
[WhiteElo "1339"]
[BlackElo "1543"]
[Opening "Owen defense"]
[ECO "B00"]
[NIC "VO.01"]
[Time "14:53:03"]
[TimeControl "300+3"]

1. e4 b6 2. d4 Bb7 3. Nc3 e6 4. Nf3 Nf6 5. e5 Nd5 6. Bg5 Be7 7. Nxd5 Bxd5 8.
Bxe7 Qxe7 9. Be2 c5 10. dxc5 bxc5 11. c4 Bc6 12. O-O O-O 13. Bd3 f5 14. exf6
Qxf6 15. Be2 Na6 16. Rb1 Nc7 17. Qd6 Ne8 18. Qxc5 Rc8 19. Qxa7 Qf4 20. Qe3
Qf7 21. Ne5 Qe7 22. Nxc6 Rxc6 23. Bf3 Rxc4 24. Rbc1 Rh4 25. h3 Nd6 26. Rc7
Nf5 27. Qa7 Qg5 28. Rxd7 e5 29. Qa3 e4 30. Qb3+ Kh8 31. Qa3 Rg8 32. Bg4 h5
33. Bxf5 Qxf5 34. Qg3 Qf6 35. Rd6 Qf4 36. Qxf4 Rxf4 37. Rd4 Re8 38. Re1 g5
39. a4 e3 40. Rxf4 gxf4 41. fxe3 fxe3 42. Kf1 Re4 43. a5 Kg7 44. a6 Kf6 45.
a7 Ra4 46. Rxe3 Rxa7 47. Ra3 Rb7 48. Rf3+ Kg5 49. Rf2 Kh4 50. Rc2 Kg3 51.
Rc3+ Kf4 52. Rf3+ Ke4 53. b3 Rb4 54. Kf2 Rd4 55. Kg3 Rd1 56. Kh4 Rd2 57. Rg3
Kf4 58. b4 Rd4 59. Rf3+ Ke5+ 60. Kxh5 Rxb4 61. g4 Ke4 62. Rc3 Kd4 63. Rg3
Ke5 64. g5 Rb8 65. g6 Kf5 66. Rf3+ Ke4 67. Rf6 Ke5 68. Rf2 Rh8+ 69. Kg4 Rg8
70. Kg5 Ke6 71. h4 Ra8 72. Re2+ Kd7 73. Re5 Kd6 74. Rf5 Ke6 75. g7 Rg8 76.
Kg6 Rxg7+ 77. Kxg7 Kxf5 78. h5 Ke6 79. h6 Ke7 80. h7 Ke8 81. h8=Q+ Ke7 82.
Qf8+ Ke6 83. Kg6 Kd7 84. Qf6 Ke8 85. Qg7 Kd8 86. Kf6 Ke8 87. Ke6 Kd8 88.
Qd7# {Black checkmated} 1-0

[Event "ICC tourney 2545 (5 3)"]
[Site "Internet Chess Club"]
[Date "2021.04.11"]
[Round "3"]
[White "habibo"]
[Black "vbtry3"]
[Result "1-0"]
[ICCResult "Black checkmated"]
[WhiteElo "1720"]
[BlackElo "1898"]
[Opening "Sicilian: dragon, Yugoslav attack"]
[ECO "B75"]
[NIC "SI.17"]
[Time "14:52:27"]
[TimeControl "300+3"]

1. e4 c5 2. Nf3 d6 3. d4 cxd4 4. Nxd4 Nf6 5. Nc3 g6 6. Be3 Bg7 7. f3 a6 8.
Qd2 b5 9. O-O-O Bb7 10. g4 Nbd7 11. h4 h5 12. g5 Nh7 13. a3 Rc8 14. Bh3 Qa5
15. Kb1 Nhf8 16. Bf2 Rc4 17. Rh2 Ne5 18. Be1 Nfd7 19. Nb3 Qc7 20. Qf2 O-O
21. Bf1 Rxc3 22. Bxc3 Rc8 23. Ba5 Qc6 24. Nd4 Qc5 25. Bh3 Qa7 26. b3 Ba8 27.
Ne2 Qb7 28. Bc3 Qc7 29. Qd4 f6 30. gxf6 Nxf3 31. f7+ Kxf7 32. Qxg7+ Ke8 33.
Qxg6+ Kf8 34. Bg7+ Kg8 35. Be6# {Black checkmated} 1-0

[Event "ICC tourney 2545 (5 3)"]
[Site "Internet Chess Club"]
[Date "2021.04.11"]
[Round "3"]
[White "CPS1218"]
[Black "ShapeShifter"]
[Result "0-1"]
[ICCResult "White checkmated"]
[WhiteElo "1346"]
[BlackElo "1565"]
[Opening "English: symmetrical variation"]
[ECO "A30"]
[NIC "EO.49"]
[Time "14:53:04"]
[TimeControl "300+3"]

1. c4 c5 2. g3 Nf6 3. Bg2 d5 4. cxd5 Nxd5 5. Nf3 Nc6 6. O-O e5 7. d3 Be7 8.
Nc3 Nc7 9. Be3 Be6 10. Qc2 Rc8 11. Rfd1 f6 12. Ne4 b6 13. Nfd2 Qd7 14. Nc4
O-O 15. a3 Nd4 16. Bxd4 exd4 17. b3 Nd5 18. e3 b5 19. Nb2 dxe3 20. fxe3 Nxe3
21. Qf2 Nxd1 22. Rxd1 Bxb3 23. Rc1 Bd5 24. Nxc5 Bxc5 25. Rxc5 Bxg2 26. Kxg2
Rxc5 27. Qxc5 Rc8 28. Qf2 Qc6+ 29. Kg1 Qc1+ 30. Kg2 Rc2 31. Kf3 Rxf2+ 32.
Kxf2 Qxb2+ 33. Ke3 Qxa3 34. Ke4 Qd6 35. Ke3 b4 36. d4 Qd5 37. Kd3 b3 38. Kc3
a5 39. Kb2 a4 40. Ka3 Qxd4 41. g4 Qa1+ 42. Kb4 b2 43. Ka5 b1=Q 44. Ka6 Qab2
45. Ka5 Qb5# {White checkmated} 0-1

[Event "ICC tourney 2545 (5 3)"]
[Site "Internet Chess Club"]
[Date "2021.04.11"]
[Round "3"]
[White "daverenham"]
[Black "weakfish"]
[Result "1-0"]
[ICCResult "Black resigns"]
[WhiteElo "1511"]
[BlackElo "1328"]
[Opening "Queen's pawn, Mason variation"]
[ECO "D00"]
[NIC "QP.08"]
[Time "14:52:17"]
[TimeControl "300+3"]

1. d4 d5 2. Bf4 c6 3. e3 Nf6 4. Bd3 Bg4 5. Nf3 e6 6. c4 dxc4 7. Bxc4 Nd5 8.
Bg3 Bb4+ 9. Nbd2 Qa5 10. a3 Bxd2+ 11. Qxd2 Qxd2+ 12. Nxd2 O-O 13. O-O Nd7
14. e4 N5b6 15. Ba2 Nf6 16. f3 Bh5 17. Rfd1 Rfd8 18. Nc4 Nxc4 19. Bxc4 Nxe4
20. fxe4 Bxd1 21. Rxd1 Rd7 22. Bh4 h6 23. d5 g5 24. Bf2 a6 25. d6 Rb8 26.
Bb6 Kg7 27. Bc7 Rf8 28. e5 Kg6 29. Rf1 Re8 30. Rf6+ Kg7 31. Be2 Rh8 32. Bh5
Rf8 33. Rf3 Re8 34. Rb3 b5 35. Rc3 f6 36. Bxe8 Rf7 37. Bxf7 Kxf7 38. d7
{Black resigns}
1-0

[Event "ICC tourney 2545 (5 3)"]
[Site "Internet Chess Club"]
[Date "2021.04.11"]
[Round "3"]
[White "Heliosis"]
[Black "ELCCEthan488"]
[Result "1-0"]
[ICCResult "Black resigns"]
[WhiteElo "1789"]
[BlackElo "1553"]
[Opening "Sicilian: Nimzovich-Rossolimo attack (with ...g6, without ...d6)"]
[ECO "B31"]
[NIC "SI.31"]
[Time "14:52:46"]
[TimeControl "300+3"]

1. e4 c5 2. Nf3 Nc6 3. Bb5 g6 4. Bxc6 bxc6 5. d3 Bg7 6. O-O d5 7. e5 Bg4 8.
Bf4 e6 9. h3 Bxf3 10. Qxf3 Ne7 11. c3 O-O 12. Nd2 Rb8 13. b3 Qc7 14. c4 Bxe5
15. Bxe5 Qxe5 16. Rfe1 Qc7 17. Rad1 Rfd8 18. Nf1 Nf5 19. Ne3 Nd4 20. Qg3
Qxg3 21. fxg3 Kf8 22. Ng4 h5 23. Ne5 Ke7 24. Rf1 Rf8 25. Kh2 Rb6 26. Rf2 Nf5
27. g4 hxg4 28. hxg4 Nd6 29. Rdf1 Ra6 30. Nxg6+ fxg6 31. Rxf8 Rxa2 32. R8f6
e5 33. Rxg6 e4 34. cxd5 cxd5 35. Rff6 exd3 36. Rxd6 d4 37. Rge6+ Kf7 38. Re1
Re2 39. Rd1 a5 40. Rxd3 {Black resigns} 1-0

[Event "ICC tourney 2545 (5 3)"]
[Site "Internet Chess Club"]
[Date "2021.04.11"]
[Round "3"]
[White "Swaggernaut99"]
[Black "KingsizePawn"]
[Result "1-0"]
[ICCResult "Black forfeits on time"]
[WhiteElo "1670"]
[BlackElo "1648"]
[Opening "Caro-Kann: exchange variation"]
[ECO "B13"]
[NIC "CK.02"]
[Time "14:53:16"]
[TimeControl "300+3"]

1. e4 c6 2. d4 d5 3. exd5 cxd5 4. Nc3 Nf6 5. Nf3 Bg4 6. Be2 Nc6 7. O-O e6 8.
Bf4 Bb4 9. h3 Bh5 10. Ne5 Bxe2 11. Nxe2 O-O 12. c3 Ba5 13. Qc2 Rc8 14. Rae1
Ne4 15. Nxc6 Rxc6 16. Nc1 Nxc3 17. bxc3 Bxc3 18. Rd1 Bxd4 19. Qb3 Bb6 20.
Nd3 Qf6 21. Bg3 Qg5 22. Ne5 Rcc8 23. Rfe1 Rfd8 24. h4 Qh6 25. Rd3 Rc1 26.
Rxc1 Qxc1+ 27. Rd1 Qc8 28. Qf3 f6 29. Ng4 Qc4 30. Re1 e5 31. Qf5 Qxa2 32.
Qe6+ Kh8 33. Nxf6 Qa5 34. Rxe5 {Black forfeits on time} 1-0

[Event "ICC tourney 2545 (5 3)"]
[Site "Internet Chess Club"]
[Date "2021.04.11"]
[Round "3"]
[White "clydedrexler22"]
[Black "MohanadWael"]
[Result "1-0"]
[ICCResult "Black resigns"]
[WhiteElo "1594"]
[BlackElo "1306"]
[Opening "Queen's pawn, Mason variation"]
[ECO "D00"]
[NIC "QP.08"]
[Time "14:53:23"]
[TimeControl "300+3"]

1. d4 d5 2. Bf4 Nc6 3. e3 Bf5 4. Nf3 f6 5. c4 e5 6. dxe5 fxe5 7. Nxe5 dxc4
8. Qxd8+ Rxd8 9. Bxc4 Nxe5 10. Bxe5 Bb4+ 11. Nc3 Bc2 12. Bxg7 Ne7 13. Bxh8
Nc6 14. O-O Na5 15. Be2 Rd2 16. Bh5+ Kd8 17. Bf6+ Kd7 18. Bg4+ Ke8 19. a3
Nb3 20. axb4 Nxa1 21. Rxa1 Bd3 22. Rd1 Rxd1+ 23. Nxd1 a5 24. bxa5 b6 25.
axb6 cxb6 26. Be6 h5 27. Nc3 {Black resigns} 1-0

[Event "ICC tourney 2545 (5 3)"]
[Site "Internet Chess Club"]
[Date "2021.04.11"]
[Round "3"]
[White "SuleymanliAydin"]
[Black "B-Amin"]
[Result "1-0"]
[ICCResult "Black resigns"]
[WhiteElo "1955"]
[BlackElo "2774"]
[Opening "Dutch defense, Rubinstein variation"]
[ECO "A40"]
[NIC "QO.17"]
[Time "14:53:00"]
[TimeControl "300+3"]

1. d4 e6 2. c4 f5 3. Nc3 Nf6 4. e3 Bb4 5. Bd3 Bxc3+ 6. bxc3 O-O 7. Ne2 d6 8.
O-O e5 9. f3 c5 10. e4 f4 11. a4 Nc6 12. Rb1 b6 13. Rf2 Kh8 14. g4 Na5 15.
Qc2 Be6 16. d5 Bd7 17. Kh1 Qe8 18. Ra1 Qg6 19. Nxf4 exf4 20. e5 Qg5 21. exf6
Rxf6 22. Bd2 Qh4 23. Be1 h5 24. Rg2 Qh3 25. g5 Rf7 26. Qf2 Bf5 27. Bf1 Re8
28. Rg1 Qxf3+ 29. Qxf3 Be4 30. Qxe4 Rxe4 31. Bf2 Rfe7 32. Bd3 R4e5 33. Rae1
Kg8 34. Rxe5 Rxe5 35. Re1 Rxg5 36. Re6 f3 37. Bg6 Re5 38. Rxe5 dxe5 39. d6
Kf8 40. Bh4 {Black resigns} 1-0

[Event "ICC tourney 2545 (5 3)"]
[Site "Internet Chess Club"]
[Date "2021.04.11"]
[Round "3"]
[White "Boruoh"]
[Black "ulfbert"]
[Result "0-1"]
[ICCResult "White resigns"]
[WhiteElo "1308"]
[BlackElo "1871"]
[Opening "Réti: King's Indian attack"]
[ECO "A05"]
[NIC "EO.51"]
[Time "14:53:21"]
[TimeControl "300+3"]

1. Nf3 Nf6 2. g3 g6 3. Bg2 d5 4. c4 Bg7 5. cxd5 Nxd5 6. Nc3 c6 7. Nxd5 cxd5
8. O-O Nc6 9. d3 O-O 10. Bf4 Bxb2 11. Rb1 Bg7 12. Qa4 e5 13. Bg5 Qd6 14. Bd2
b6 15. Rbc1 Bb7 16. a3 Rfd8 17. Bb4 Nxb4 18. Qxb4 Qd7 19. Nd2 Rac8 20. Qb2
Ba6 21. Qb1 Bh6 22. e3 e4 23. Rxc8 Rxc8 24. Rd1 Bxd3 25. Qb3 Bc2 26. Qb2
Bxd1 27. Bf1 Bg7 28. Qb1 Bc2 29. Qe1 Bb2 30. Be2 Bd3 31. Nb3 Rc2 32. Bxd3
exd3 33. Qd1 Qf5 34. Kg2 Qxf2+ 35. Kh3 Qxh2+ 36. Kg4 Be5 {White resigns} 0-1

[Event "ICC tourney 2545 (5 3)"]
[Site "Internet Chess Club"]
[Date "2021.04.11"]
[Round "3"]
[White "fishbein"]
[Black "profudesah"]
[Result "1-0"]
[ICCResult "Black forfeits on time"]
[WhiteElo "2486"]
[BlackElo "1777"]
[Opening "French: exchange variation"]
[ECO "C01"]
[NIC "FR.01"]
[Time "14:53:23"]
[TimeControl "300+3"]

1. e4 e6 2. d4 d5 3. exd5 exd5 4. Nf3 c6 5. Bd3 Bd6 6. O-O Ne7 7. c4 O-O 8.
Nc3 Nd7 9. Re1 Re8 10. cxd5 cxd5 11. Qc2 Nf8 12. Bd2 a6 13. h3 Bd7 14. Re2
Rc8 15. Rae1 b5 16. Qb1 b4 17. Nd1 a5 18. Ne5 f6 19. Nxd7 Qxd7 20. Ne3 g6
21. Ng4 Kf7 22. Qd1 Ng8 23. Ne3 Ne6 24. Nxd5 Bh2+ 25. Kxh2 Qxd5 26. b3
{Black forfeits on time}
1-0

[Event "ICC tourney 2545 (5 3)"]
[Site "Internet Chess Club"]
[Date "2021.04.11"]
[Round "3"]
[White "Kimster98"]
[Black "Chaos23"]
[Result "1/2-1/2"]
[ICCResult "Game drawn by mutual agreement"]
[WhiteElo "1861"]
[BlackElo "1884"]
[Opening "English: symmetrical, hedgehog system"]
[ECO "A30"]
[NIC "EO.39"]
[Time "14:53:37"]
[TimeControl "300+3"]

1. Nf3 c5 2. c4 Nf6 3. Nc3 e6 4. g3 b6 5. Bg2 Bb7 6. O-O Be7 7. d4 cxd4 8.
Qxd4 d6 9. b3 O-O 10. Bb2 a6 11. Rfd1 Nbd7 12. Ng5 Bxg2 13. Kxg2 Qc7 14.
Nge4 Rfd8 15. Rac1 Nc5 16. Nxf6+ Bxf6 17. Qd2 b5 18. b4 Nd7 19. cxb5 Qb7+
20. Kg1 d5 21. bxa6 Qxb4 22. a3 Qb6 23. Na4 Qxa6 24. Nc5 Nxc5 25. Rxc5 Bxb2
26. Qxb2 Qxa3 27. Qxa3 Rxa3 28. e4 d4 29. Rxd4 Raa8 30. Rxd8+ Rxd8 31. Kg2
g6 32. Kf3 Kg7 33. Ke3 h5 34. h4 Kf6 35. Kf4 Rd2 36. f3 Rd3 37. e5+ Kg7 38.
g4 hxg4 39. fxg4 Rd1 40. Rc3 Rd4+ 41. Kf3 Rd5 42. Kf4 Rd4+ 43. Kf3 Rd5 44.
Ke4 Rd1 45. Kf4 Rd5 46. Re3 Rd4+ 47. Re4 Rd1 48. Kg5 Rg1 49. Re2 Rg3 50. Kf4
Rg1 51. Kg5 Rg3 52. Rf2 Rg1 53. Rf3 Rg2 54. Kf4 Rg1 55. Rg3 Rf1+ 56. Kg5 Re1
57. Kf4 Rf1+ 58. Rf3 Re1 59. Re3 Rf1+ 60. Rf3 Re1
{Game drawn by mutual agreement}
1/2-1/2

[Event "ICC tourney 2545 (5 3)"]
[Site "Internet Chess Club"]
[Date "2021.04.11"]
[Round "3"]
[White "sorrym8"]
[Black "debarghya1972"]
[Result "1-0"]
[ICCResult "Black resigns"]
[WhiteElo "1748"]
[BlackElo "1729"]
[Opening "Queen's Indian: Petrosian system"]
[ECO "E12"]
[NIC "QI.04"]
[Time "14:52:11"]
[TimeControl "300+3"]

1. d4 Nf6 2. c4 e6 3. Nf3 b6 4. a3 Bb7 5. Nc3 a6 6. d5 exd5 7. cxd5 Be7 8.
e4 d6 9. Bd3 c6 10. dxc6 Nxc6 11. O-O O-O 12. Re1 Ne5 13. Bc2 Rc8 14. Bf4
Qc7 15. Rc1 Nxf3+ 16. Qxf3 Qc5 17. Qe3 Qxe3 18. Bxe3 b5 19. Red1 Rfd8 20.
Bb6 Re8 21. f3 Nd7 22. Be3 Ne5 23. Bb3 Red8 24. Kf2 Nc4 25. Bxc4 Rxc4 26.
Rc2 b4 27. axb4 Rxb4 28. Rcd2 h6 29. Bc5 dxc5 30. Rxd8+ Bxd8 31. Rxd8+ Kh7
32. Nd1 Bc6 33. Rd6 Ba4 34. g4 Bxd1 35. Rxd1 Rxb2+ 36. Ke3 Rb3+ 37. Ke2 c4
38. Ra1 Rb6 39. Ke3 Rc6 40. f4 Rd6 41. e5 Rd3+ 42. Ke4 Rd2 43. Rxa6 c3 44.
Rc6 c2 45. h4 Re2+ 46. Kf3 Rd2 47. h5 Rh2 48. f5 Rh3+ 49. Kf4 Rh2 50. Ke3
Rh3+ 51. Kd4 Rh2 52. Kd3 Rg2 53. e6 fxe6 54. fxe6 Rg3+ 55. Kxc2 Rxg4 56. Kd3
Rg1 57. Ke4 g6 58. Ke5 Re1+ 59. Kf6 Rf1+ 60. Ke7 gxh5 61. Kd7 Kg7 62. e7 Rf7
63. Ke6 Rf6+ 64. Kd5 Rf5+ 65. Kd6 Kf7 66. Rc8 {Black resigns} 1-0

[Event "ICC tourney 2545 (5 3)"]
[Site "Internet Chess Club"]
[Date "2021.04.11"]
[Round "3"]
[White "Guillermito"]
[Black "Chanakya"]
[Result "1-0"]
[ICCResult "Black resigns"]
[WhiteElo "3214"]
[BlackElo "1571"]
[Opening "Caro-Kann: advance variation"]
[ECO "B12"]
[NIC "CK.04"]
[Time "14:53:02"]
[TimeControl "300+3"]

1. e4 c6 2. d4 d5 3. e5 Bf5 4. Be3 e6 5. Nd2 Ne7 6. Be2 Qb6 7. Nb3 a5 8. a4
Nd7 9. Nf3 h6 10. O-O Bh7 11. Bd2 Qc7 12. Rc1 Qb6 13. h3 Nf5 14. g4 Ne7 15.
c3 Ng6 16. c4 dxc4 17. Bxc4 Bb4 18. Bd3 O-O 19. Be3 Qd8 20. g5 h5 21. Nh4
Nxh4 22. Bxh7+ Kxh7 23. Qxh5+ Kg8 24. Qxh4 Nb6 25. Rfd1 Nd5 26. Bd2 Qb6 27.
Bxb4 Qxb4 28. Nc5 Ne7 29. Qg4 Rfd8 30. Rc3 Ng6 31. Qe4 Qxb2 32. Rcd3 Qb4 33.
Nxe6 Re8 34. Nc5 Nxe5 35. dxe5 Qxc5 36. g6 fxg6 37. Qxg6 Qf8 38. Qe4 Qe7 39.
Re3 Qe6 40. Qh4 b5 41. Rd6 Qf5 42. e6 bxa4 43. e7 a3 44. Rd8 a2 45. Ra3 Qg5+
46. Qxg5 {Black resigns} 1-0